Map: White Rabbit LE

Players

Serral - Winner!

  • Race: Zerg Zerg
  • League: Grandmaster
  • Spawn Location: 1:00

Reynor

  • Race: Zerg Zerg
  • League: Master
  • Spawn Location: 7:00

VOD

Have the link to the VOD?

Description

Time

  • Played on: Feb. 1, 2026, 6:58 a.m.
  • Length: 6:56
Show
View Real Time Build Order
Export as new Build Order

Serral Zerg - Winner!

Build Orders: Hatch First, Zergling Baneling 

Get SALT Encoding   

  12  0:00  Drone  
  13  0:07  Drone  
  14  0:14  Extractor, Drone  
  15  0:21  Overlord  
  15  0:40  Drone  
  16  0:44  Hatchery  
  16  0:48  Drone  
  16  0:52  Drone  
  16  0:55  Drone  
  18  1:06  Extractor  
  18  1:11  Spawning Pool  
  16  1:13  Drone  
  16  1:16  Drone  
  18  1:26  Drone  
  19  1:37  Drone  
  20  1:47  Drone  
  21  1:57  Queen x2  
  21  1:58  Zergling x2, Overlord  
  26  2:09  Metabolic Boost  
  26  2:10  Drone x2  
  28  2:20  Zergling x2  
  28  2:21  Drone  
  30  2:30  Drone x2  
  30  2:36  Hatchery  
  31  2:41  Drone  
  32  2:47  Baneling Nest  
  32  2:50  Overlord  
  31  2:55  Drone  
  31  2:56  Drone  
  33  3:03  Drone  
  34  3:05  Zergling x2  
  34  3:06  Zergling x2  
  34  3:08  Zergling x2  
  34  3:09  Zergling x4  
  34  3:10  Drone  
  34  3:11  Drone  
  41  3:16  Overlord  
  41  3:18  Drone  
  42  3:29  Queen  
  44  3:40  Baneling x2  
  44  3:42  Zergling x10  
  44  3:44  Drone x3  
  52  3:51  Roach Warren  
  52  3:52  Overlord  
  52  3:55  Drone  
  52  3:56  Drone  
  52  4:01  Drone x2  
  52  4:02  Baneling x2  
  55  4:03  Baneling x2  
  54  4:12  Zergling x10  
  59  4:17  Extractor  
  57  4:24  Zergling x4  
  57  4:25  Zergling x6  
  57  4:28  Overlord  
  60  4:31  Zergling x2  
  60  4:32  Baneling x2  
  52  4:41  Roach x4, Zergling x2  
  52  4:45  Zergling x2  
  56  4:46  Baneling  
  56  4:52  Zergling x8  
  58  4:59  Roach  
  53  5:06  Zergling x6  
  51  5:12  Roach, Zergling x2  
  48  5:20  Queen  
  44  5:23  Baneling  
  44  5:24  Zergling x4  
  44  5:25  Zergling x2  
  46  5:31  Baneling  
  46  5:38  Roach, Zergling x6  
  46  5:41  Baneling  
  48  5:45  Zergling x4  
  49  5:51  Baneling  
  49  5:52  Baneling  
  49  5:53  Queen  
  50  6:01  Overlord  
  50  6:02  Roach x2  
  54  6:06  Baneling  
  54  6:12  Roach x2  
  54  6:18  Baneling  
  54  6:25  Roach, Zergling x2  
  54  6:26  Zergling x10  
  60  6:34  Roach x2  
Show
View Real Time Build Order
Export as new Build Order

Reynor Zerg 

Build Orders: Hatch First, Zergling Baneling 

Get SALT Encoding   

  12  0:00  Drone  
  13  0:07  Drone  
  14  0:14  Extractor  
  14  0:15  Drone  
  15  0:21  Overlord  
  15  0:40  Drone  
  16  0:45  Hatchery  
  16  0:49  Drone  
  16  0:52  Drone  
  16  0:56  Drone  
  18  1:06  Extractor  
  17  1:11  Spawning Pool  
  17  1:14  Drone  
  17  1:18  Drone  
  18  1:26  Drone  
  19  1:37  Drone  
  20  1:47  Drone  
  21  1:58  Zergling x2, Queen  
  21  1:59  Queen, Overlord  
  26  2:08  Drone  
  27  2:09  Drone  
  27  2:11  Metabolic Boost  
  28  2:19  Zergling x2  
  28  2:20  Drone  
  30  2:31  Drone x2  
  32  2:37  Hatchery  
  32  2:41  Drone  
  32  2:45  Overlord  
  32  2:51  Baneling Nest  
  32  2:52  Drone  
  32  2:53  Drone  
  33  3:02  Zergling x2  
  33  3:04  Drone  
  35  3:08  Zergling x8  
  35  3:09  Zergling x2  
  35  3:11  Zergling x2  
  41  3:15  Overlord  
  41  3:17  Zergling x2  
  42  3:25  Drone  
  43  3:28  Drone  
  44  3:35  Baneling x2  
  44  3:38  Zergling x14  
  51  3:44  Overlord  
  51  3:48  Baneling x4  
  51  3:51  Zergling x4  
  53  3:56  Zergling x2  
  53  4:02  Zergling x2  
  55  4:03  Zergling x4  
  57  4:11  Zergling x2  
  57  4:12  Baneling x2  
  58  4:21  Zergling x6  
  58  4:23  Overlord  
  59  4:26  Zergling x6  
  59  4:31  Overlord  
  59  4:32  Zergling x4  
  59  4:38  Zergling x2  
  55  4:39  Baneling x2  
  55  4:43  Zergling x4  
  55  4:45  Zergling x2  
  57  4:46  Baneling  
  57  4:47  Queen  
  56  4:55  Zergling x4  
  56  4:57  Zergling x2  
  49  5:06  Zergling x6  
  42  5:15  Zergling x2  
  42  5:16  Zergling x2  
  42  5:17  Zergling x2  
  42  5:20  Zergling x4  
  42  5:21  Zergling x4  
  42  5:23  Zergling x2  
  42  5:26  Zergling x4  
  43  5:31  Zergling x2  
  43  5:33  Zergling x2  
  44  5:36  Zergling x2  
  44  5:40  Zergling x2  
  46  5:44  Zergling x2  
  46  5:47  Zergling x2  
  46  5:48  Baneling x2  
  47  5:51  Baneling x4  
  47  5:53  Zergling x2  
  46  5:57  Zergling x4  
  46  6:01  Baneling  
  46  6:02  Baneling  
  46  6:03  Zergling x2  
  48  6:06  Zergling x2  
  49  6:11  Baneling  
  40  6:27  Zergling x6  
  40  6:28  Zergling x2  
  40  6:37  Zergling x10  
Tags
 
Add a new tag
Caveats
  • Supply blocks, unpowered buildings, or Contaminate may cause inaccurate times.
  • Supply counts are checked every 10 seconds.